cohdb
Replays
Latest Replays
All Replays
Popular Replays
Top Player Replays
Match Explorer
How It Works
Community
CoH3 Stats
Reddit
Sign in to upload your games and track your stats! →
Sign in with Steam
Match 26290359
Unlisted
Match 26290359
Overview
Messages
Build Orders
End
Construct Barracks
Selects Armored Battlegroup
Selects Assault Engineers
Assault Engineer Squad
Riflemen Squad
Construct Weapon Support Center
M1919 Machine Gun Team
M1 Mortar Team
Grenade Package
Infantry Support Center
Riflemen Squad
M1919 Machine Gun Team
M1918 Browning Automatic Rifles
Riflemen Squad
Construct Medical Station
Construct Motor Pool
M1 Anti-tank Gun Team
M1 Anti-tank Gun Team
Selects Fast Deploy
Selects Seek and Destroy
M1 Anti-tank Gun Team
M1919 Machine Gun Team
Assault Engineer Squad
Riflemen Squad
Riflemen Squad
Riflemen Squad
M1 Anti-tank Gun Team
M1 Anti-tank Gun Team
InsuranceFrod
Magmakid186
Vision7210
Post Melone
turboflex
PMA
the right nut
Joraad
0
0
Comments
sign in to comment!
No comments posted yet!